[Event "NED-ch U14 Youth 2019"]
[Site "Assen"]
[Date "2019.05.01"]
[Round "5.7"]
[White "Bartels, Vladimir"]
[Black "Van Kuijk, Vadim"]
[Result "1-0"]
[ECO "C10"]
[WhiteElo "1748"]
[BlackElo "1589"]
[Annotator "NA"]
[PlyCount "79"]
[EventDate "2019.04.28"]
[EventType "swiss"]
[EventCountry "NED"]
[SourceTitle "playchess.com"]
[Source "ChessBase"]
[SourceQuality "1"]
[TimeControl "5400+30"]

1. e4 c5 2. Nc3 e6 3. Nf3 d5 4. exd5 exd5 5. d4 c4 6. Bf4 Bb4 7. Qd2 Nf6 8. Qe3+ Ne4 9. Ng5 O-O 10. Ngxe4 Re8 11. Be5 dxe4 12. Bxc4 Nc6 13. O-O-O Nxe5 14. dxe5 Qc7 15. Qd4 Bxc3 16. Qxc3 Bg4 17. f3 Bf5 18. fxe4 Rac8 19. exf5 Qxc4 20. Qxc4 Rxc4 21. Rhe1 Rc5 22. e6 Rxf5 23. e7 f6 24. Re2 Kf7 25. Rd7 Rb5 26. b3 Rb6 27. a4 a6 28. Kb2 a5 29. c3 Re6 30. Rxe6 Kxe6 31. Rxb7 Rxe7 32. Rxe7+ Kxe7 33. b4 f5 34. Kc2 g5 35. Kd3 h5 36. Kd4 h4 37. b5 g4 38. Ke5 h3 39. g3 f4 40. Kxf4 1-0

[Event "NED-ch U14 Youth 2019"]
[Site "Assen"]
[Date "2019.05.01"]
[Round "5.8"]
[White "Dekker, Thiemen"]
[Black "Shadrin, Mitia"]
[Result "1-0"]
[ECO "B22"]
[WhiteElo "1521"]
[BlackElo "1692"]
[Annotator "NA"]
[PlyCount "56"]
[EventDate "2019.04.28"]
[EventType "swiss"]
[EventCountry "NED"]
[SourceTitle "playchess.com"]
[Source "ChessBase"]
[SourceQuality "1"]
[TimeControl "5400+30"]

1. e4 c5 2. c3 Nf6 3. e5 Nd5 4. d4 Nc6 5. Nf3 d6 6. c4 Nb6 7. exd6 Qxd6 8. d5 Ne5 9. Bf4 Nxf3+ 10. Qxf3 Qf6 11. Nc3 g5 12. Be3 Qe5 13. Qg3 Qf5 14. Qxg5 Qc2 15. Bc1 h5 16. Qe5 f6 17. Qe4 Bf5 18. Qxc2 Bxc2 19. Be3 Rc8 20. Kd2 Bf5 21. b3 Rg8 22. g3 e6 23. dxe6 Rd8+ 24. Ke1 Bxe6 25. Rd1 Rxd1+ 26. Kxd1 Kd7 27. Bg2 Kc8 28. Ne4 Nd7 1-0

[Event "NED-ch U14 Youth 2019"]
[Site "Assen"]
[Date "2019.05.01"]
[Round "5.9"]
[White "Klaren, Duncan"]
[Black "Franke, Daniel"]
[Result "0-1"]
[ECO "B51"]
[WhiteElo "1980"]
[BlackElo "1465"]
[Annotator "NA"]
[PlyCount "128"]
[EventDate "2019.04.28"]
[EventType "swiss"]
[EventCountry "NED"]
[SourceTitle "playchess.com"]
[Source "ChessBase"]
[SourceQuality "1"]
[TimeControl "5400+30"]

1. e4 c5 2. Nf3 Nc6 3. Nc3 d6 4. Bb5 Bd7 5. O-O g6 6. Bxc6 Bxc6 7. d4 Bg7 8. Re1 cxd4 9. Nxd4 Nf6 10. Nxc6 bxc6 11. Qf3 Nd7 12. Bf4 Ne5 13. Qe2 O-O 14. Rad1 Qb6 15. b3 Qa5 16. Bd2 Qb6 17. Kh1 Qc5 18. Rf1 Nd7 19. Qd3 Ne5 20. Qh3 Rad8 21. f4 Ng4 22. Qxg4 Bxc3 23. Bxc3 Qxc3 24. Qe2 Qa5 25. c4 Qc7 26. Rf3 f5 27. Rfd3 fxe4 28. Qxe4 Rf6 29. Re1 Rd7 30. b4 d5 31. cxd5 Qxf4 32. Qe2 Rxd5 33. Rf3 Qd6 34. a3 Rxf3 35. Qxf3 Rf5 36. Qc3 Qf6 37. Qd3 Qd6 38. Qa6 Qf6 39. a4 Re5 40. Rf1 Rf5 41. Rd1 Kg7 42. h3 c5 43. Qc4 cxb4 44. Qxb4 Rf1+ 45. Rxf1 Qf5 46. Rf2 Qxf2 47. Kh2 Qf6 48. Qa5 Qd4 49. Qg5 Qf6 50. Qa5 Qf4+ 51. Kg1 Qe3+ 52. Kh1 Qc1+ 53. Kh2 Qf4+ 54. Kg1 Qd4+ 55. Kh2 Qe3 56. Qc7 g5 57. a5 Qf4+ 58. Qxf4 gxf4 59. g3 e5 60. gxf4 exf4 61. Kg2 Kf6 62. Kf3 Kf5 63. a6 h6 64. h4 h5 0-1

[Event "NED-ch U14 Youth 2019"]
[Site "Assen"]
[Date "2019.05.01"]
[Round "5.10"]
[White "Jakhari, Ansh"]
[Black "De Heij, Mees"]
[Result "1-0"]
[ECO "B33"]
[WhiteElo "1630"]
[BlackElo "1524"]
[Annotator "NA"]
[PlyCount "111"]
[EventDate "2019.04.28"]
[EventType "swiss"]
[EventCountry "NED"]
[SourceTitle "playchess.com"]
[Source "ChessBase"]
[SourceQuality "1"]
[TimeControl "5400+30"]

1. e4 c5 2. Nf3 Nc6 3. d4 cxd4 4. Nxd4 Nf6 5. Nc3 e5 6. Ndb5 d6 7. Bg5 a6 8. Na3 b5 9. Nd5 Be7 10. Bxf6 Bxf6 11. c4 bxc4 12. Nxc4 O-O 13. Be2 Nd4 14. O-O Rb8 15. Bg4 Bb7 16. Nxf6+ Qxf6 17. f4 exf4 18. Qd2 Nb5 19. Rxf4 Qg6 20. Re1 Rfe8 21. a4 Nc7 22. Bf5 Qh6 23. Qf2 g6 24. Bd7 Re7 25. Bh3 d5 26. Nd6 Qg7 27. Rf1 dxe4 28. Rxf7 Rxf7 29. Qxf7+ Qxf7 30. Rxf7 Bd5 31. Rxc7 Rxb2 32. Re7 Rb4 33. Re5 Bc6 34. a5 Rd4 35. Nc8 Kg7 36. Rc5 e3 37. Kf1 Bb5+ 38. Ke1 Rb4 39. Rc1 e2 40. g3 Ra4 41. Nd6 Bd3 42. Nb7 Rb4 43. Nc5 Bb5 44. Ne6+ Kh6 45. Nf4 Rb2 46. Bg4 Kg5 47. Bxe2 Bxe2 48. Nxe2 Rb5 49. Ra1 Rb2 50. Ra4 Rb5 51. Nd4 Rb2 52. Ne2 Rb5 53. Kf2 Rb2 54. Rf4 Rb5 55. Nd4 Re5 56. Nf3+ 1-0

[Event "NED-ch U14 Youth 2019"]
[Site "Assen"]
[Date "2019.05.01"]
[Round "5.13"]
[White "Arnold, Lorin"]
[Black "Tiggelman, Vincent"]
[Result "1-0"]
[ECO "D00"]
[WhiteElo "1598"]
[BlackElo "1378"]
[Annotator "NA"]
[PlyCount "43"]
[EventDate "2019.04.28"]
[EventType "swiss"]
[EventCountry "NED"]
[SourceTitle "playchess.com"]
[Source "ChessBase"]
[SourceQuality "1"]
[TimeControl "5400+30"]

1. d4 c6 2. e3 d5 3. Bd3 Nf6 4. f4 Bg4 5. Nf3 Nbd7 6. O-O e6 7. Nbd2 Be7 8. c3 Bxf3 9. Nxf3 O-O 10. Ne5 Rc8 11. Rf3 c5 12. Rh3 Re8 13. Bxh7+ Nxh7 14. Qh5 Ndf8 15. Qxf7+ Kh8 16. Ng6+ Nxg6 17. Qxg6 Kg8 18. Qxe6+ Kh8 19. Qg6 Kg8 20. Qxh7+ Kf7 21. Qf5+ Kg8 22. Qe6+ 1-0

[Event "NED-ch U14 Youth 2019"]
[Site "Assen"]
[Date "2019.05.02"]
[Round "6.1"]
[White "Brandsma, Romayn"]
[Black "Pham, Khoi"]
[Result "0-1"]
[ECO "A45"]
[WhiteElo "1958"]
[BlackElo "2140"]
[Annotator "NA RC"]
[PlyCount "62"]
[EventDate "2019.04.28"]
[EventType "swiss"]
[EventCountry "NED"]
[SourceTitle "playchess.com"]
[Source "ChessBase"]
[SourceQuality "1"]
[TimeControl "5400+30"]

1. d4 Nf6 2. Bf4 g6 3. Nc3 d5 4. Qd2 (4. e3 Bg7 5. h4 c6 6. Be2 h5 7. Nf3 Bg4 8. Ne5 Bxe2 9. Qxe2 Nbd7 10. O-O-O Rc8 11. f3 {0-1 (60) Nabaty,T (2692)-Rodshtein,M (2674) Czech Republic 2019}) 4... a6 5. f3 Bg7 6. O-O-O {[%emt 0:02:52] A45: Trompowsky Attack} O-O 7. Bh6 b5 $146 ({Predecessor:} 7... c5 8. Bxg7 Kxg7 9. dxc5 Qa5 10. Nxd5 Qxa2 11. Qc3 Rd8 12. e4 Nc6 13. Bc4 Qa1+ 14. Kd2 Qa5 15. Bd3 Qxc3+ 16. Nxc3 Be6 17. Nge2 {½-½ (17) Prochnow,M (2240)-Schnepp,G (2343) Wuerttemberg 2003}) 8. h4 Be6 {[%emt 0:08:45] [#]} (8... Bxh6 $16 {was necessary.} 9. Qxh6 b4) 9. h5 $1 c5 ({Of course not} 9... Nxh5 {[#]} 10. Rxh5 $1 Bxh6 11. Rxh6 $18) 10. g4 $2 (10. Bxg7 $18 Kxg7 11. dxc5 (11. hxg6 fxg6 12. dxc5 Qc7 $18)) 10... cxd4 11. Bxg7 Kxg7 12. hxg6 (12. Qxd4 $14 {keeps the upper hand.} Nc6 13. Qd2) 12... fxg6 $2 (12... dxc3 $15 {stays ahead.} 13. Qh6+ {[%mdl 64] Double Attack} Kg8) 13. Qh6+ Kg8 14. Rxd4 Nc6 15. Rf4 (15. Rd1 $14 Qb6 16. Nh3) 15... Qc7 (15... Rf7 $15 16. e3 b4) 16. e3 Qe5 {[%emt 0:06:44] [#]} 17. Rxf6 (17. Nd1 $1 $16) 17... Rxf6 18. Qxh7+ Kf8 19. Qh6+ Ke8 20. Kd2 Kd7 21. f4 Qd6 22. g5 $2 {[%emt 0:05:53] [#]} (22. Nf3 $17) 22... d4 $1 23. Ne4 (23. Bd3 $142 Rff8 24. Qxg6) 23... Qb4+ $2 (23... dxe3+ 24. Kc1 {[#]} Rxf4 $1 {[%mdl 576] Double Attack}) 24. Kd1 Rf5 25. Bh3 dxe3 26. Bxf5 Bxf5 27. Nf6+ exf6 28. Qg7+ Ne7 29. Nf3 Bg4 30. Kc1 Bxf3 31. Rf1 e2 0-1

[Event "NED-ch U14 Youth 2019"]
[Site "Assen"]
[Date "2019.05.02"]
[Round "6.2"]
[White "Yeh, Timo"]
[Black "Roebers, Eline"]
[Result "1/2-1/2"]
[ECO "A85"]
[WhiteElo "1783"]
[BlackElo "2077"]
[Annotator "NA RC"]
[PlyCount "131"]
[EventDate "2019.04.28"]
[EventType "swiss"]
[EventCountry "NED"]
[SourceTitle "playchess.com"]
[Source "ChessBase"]
[SourceQuality "1"]
[TimeControl "5400+30"]

1. d4 f5 2. Bg5 Nf6 3. Nf3 e6 4. e3 Be7 5. c4 d5 6. Nc3 c6 7. Be2 O-O {[%emt 0:00:32] A85: Dutch Defence: 2 c4 Nf6 3 Nc3} 8. O-O Nbd7 (8... Ne4 9. Bxe7 Qxe7 10. Ne5 Nd7 11. Nxd7 Bxd7 12. f4 Rab8 13. Nxe4 fxe4 14. Rc1 Rf6 15. g4 g6 16. g5 Rf7 17. h4 {½-½ (17) Martinez,R (2447)-Salvador,R (2456) Milan 2007}) 9. a4 $146 ({Predecessor:} 9. c5 h6 10. Bh4 g5 11. Bxg5 hxg5 12. Nxg5 Nb8 13. f4 Ne4 14. Ncxe4 dxe4 15. h4 Bxg5 16. hxg5 Kg7 17. Kf2 {0-1 (40) Mutabazi,F (1818)-Elliott,W (2206) Batumi 2018}) 9... a5 10. Qc2 h6 11. Bxf6 Nxf6 12. Rab1 Bd6 13. Ne5 Qe8 (13... Bxe5 $5 14. dxe5 Nd7 $11) 14. f4 Bxe5 15. fxe5 Ne4 16. Nxe4 fxe4 17. Rxf8+ Qxf8 18. Rf1 Qe7 19. Qb3 Bd7 (19... Qb4 $14 20. Qxb4 axb4) 20. Qxb7 Qd8 21. Qb3 Rb8 22. Qa3 Rb4 23. cxd5 cxd5 24. Bb5 (24. b3 $16) 24... Bxb5 25. axb5 Rxb5 26. Qd6 Qe8 27. Qa3 Qd8 28. Qd6 Qxd6 29. exd6 Rb6 30. Ra1 Rxd6 31. Rxa5 Rb6 32. Ra2 Kf7 33. Kf2 Kf6 34. Ke2 e5 (34... Kg5 $17 35. Kd2 Rb3) 35. dxe5+ Kxe5 36. g3 Rb3 37. Kd2 h5 38. h3 g5 39. Ke2 (39. h4 $17) 39... Rb5 40. Kd2 Rb3 41. Ke2 h4 42. gxh4 gxh4 43. Kf2 Rb5 44. Ke2 Rb4 45. Kd2 Rb3 46. Ke2 Rb5 47. Kd2 Rb3 48. Ke2 Rb6 49. Kf2 Rc6 (49... Rf6+ $19 {has better winning chances.} 50. Kg2 Rg6+ 51. Kh2 Rc6) 50. b4 {[%emt 0:00:00] [#]} Rb6 (50... Rf6+ $1 $17 51. Ke2 Rf3) 51. Rb2 Kd6 52. Ke2 Kc6 53. Kd2 d4 54. exd4 Kd5 55. Ke3 $11 Rg6 56. b5 Rg3+ 57. Kf4 Rxh3 58. b6 Rf3+ 59. Kg4 Rf8 60. b7 Rb8 61. Rb4 e3 62. Kf3 h3 63. Kxe3 h2 64. Rb1 Rxb7 65. Rh1 Rb3+ 66. Kf2 1/2-1/2

[Event "NED-ch U14 Youth 2019"]
[Site "Assen"]
[Date "2019.05.02"]
[Round "6.4"]
[White "De Winter, Arthur"]
[Black "Bartels, Vladimir"]
[Result "1/2-1/2"]
[ECO "C50"]
[WhiteElo "1661"]
[BlackElo "1748"]
[Annotator "NA RC"]
[PlyCount "44"]
[EventDate "2019.04.28"]
[EventType "swiss"]
[EventCountry "NED"]
[SourceTitle "playchess.com"]
[Source "ChessBase"]
[SourceQuality "1"]
[TimeControl "5400+30"]

1. e4 e5 2. Bc4 Nf6 3. d3 Nc6 4. Nf3 Bc5 5. O-O d6 6. h3 Na5 7. Bb3 Nxb3 8. axb3 Be6 9. c3 h6 10. d4 exd4 11. cxd4 Bb6 12. Nc3 a6 13. Re1 O-O 14. d5 Bd7 15. Bf4 Nh5 16. Bh2 Qf6 17. e5 Qg6 18. Nh4 Qg5 19. Nf3 Qg6 20. Nh4 Qg5 21. Nf3 Qg6 22. Nh4 Qg5 1/2-1/2

[Event "NED-ch U14 Youth 2019"]
[Site "Assen"]
[Date "2019.05.02"]
[Round "6.5"]
[White "Slagboom, Leandro"]
[Black "Catalan, Ciro"]
[Result "1-0"]
[ECO "B36"]
[WhiteElo "1738"]
[BlackElo "1599"]
[Annotator "NA"]
[PlyCount "107"]
[EventDate "2019.04.28"]
[EventType "swiss"]
[EventCountry "NED"]
[SourceTitle "playchess.com"]
[Source "ChessBase"]
[SourceQuality "1"]
[TimeControl "5400+30"]

1. e4 c5 2. Nf3 g6 3. d4 cxd4 4. Nxd4 Nc6 5. c4 Nf6 6. Nc3 Nxd4 7. Qxd4 d6 8. Be3 Bg7 9. f3 O-O 10. Qd2 Be6 11. Rc1 a6 12. Be2 Qa5 13. O-O Rfc8 14. b3 Nd7 15. Nd5 Qxd2 16. Bxd2 Kf8 17. Nf4 Nc5 18. b4 Nd7 19. Nxe6+ fxe6 20. f4 Nb6 21. Bc3 Bxc3 22. Rxc3 d5 23. c5 dxe4 24. Re3 Nd5 25. Rxe4 Kf7 26. Bg4 Rc6 27. Rfe1 Nc7 28. Re5 Rd8 29. Bf3 Nd5 30. Rd1 Ke8 31. Kf2 a5 32. a3 axb4 33. axb4 Rc7 34. Bxd5 exd5 35. Rexd5 Rxd5 36. Rxd5 Rd7 37. Rxd7 Kxd7 38. Ke3 Kc6 39. Kd4 Kb5 40. Kc3 e6 41. h4 h6 42. g4 h5 43. g5 Kc6 44. Kc4 Kd7 45. b5 Kc7 46. Kd4 Kd7 47. Ke5 Ke7 48. c6 bxc6 49. bxc6 Kd8 50. Kxe6 Kc7 51. Kf6 Kxc6 52. Kxg6 Kd6 53. f5 Ke7 54. Kg7 1-0

[Event "NED-ch U14 Youth 2019"]
[Site "Assen"]
[Date "2019.05.02"]
[Round "6.6"]
[White "Jakhari, Ansh"]
[Black "Dekker, Thiemen"]
[Result "1-0"]
[ECO "C47"]
[WhiteElo "1630"]
[BlackElo "1521"]
[Annotator "NA"]
[PlyCount "43"]
[EventDate "2019.04.28"]
[EventType "swiss"]
[EventCountry "NED"]
[SourceTitle "playchess.com"]
[Source "ChessBase"]
[SourceQuality "1"]
[TimeControl "5400+30"]

1. e4 e5 2. Nf3 Nc6 3. Nc3 Nf6 4. d4 exd4 5. Nxd4 Bb4 6. Nxc6 bxc6 7. Bd3 Bxc3+ 8. bxc3 O-O 9. O-O h6 10. Ba3 Re8 11. Re1 d6 12. h3 Bb7 13. Rb1 Rb8 14. Qd2 Qd7 15. Rb3 Ba8 16. f4 c5 17. e5 Rxb3 18. cxb3 dxe5 19. fxe5 Rd8 20. exf6 gxf6 21. Re3 Qd6 22. Qf2 1-0

[Event "NED-ch U14 Youth 2019"]
[Site "Assen"]
[Date "2019.05.02"]
[Round "6.8"]
[White "Franke, Daniel"]
[Black "Kutchoukov, Daniel"]
[Result "0-1"]
[ECO "E46"]
[WhiteElo "1465"]
[BlackElo "1862"]
[Annotator "NA RC"]
[PlyCount "92"]
[EventDate "2019.04.28"]
[EventType "swiss"]
[EventCountry "NED"]
[SourceTitle "playchess.com"]
[Source "ChessBase"]
[SourceQuality "1"]
[TimeControl "5400+30"]

1. d4 Nf6 2. c4 e6 3. Nc3 Bb4 4. Bd2 d5 5. e3 O-O 6. Bd3 dxc4 {[%emt 0:13:59] E46: Nimzo-Indian: Rubinstein: 4 e3 0-0 5 Ne2 without early Bd3} 7. Bxc4 Nbd7 8. Nge2 b6 9. a3 Be7 $146 ({Predecessor:} 9... Bd6 10. e4 e5 11. Bg5 Bb7 12. d5 h6 13. Bh4 a6 14. O-O {½-½ (22) Andersson,K (2092)-Wahlbom,M (2318) Condino 2009}) 10. O-O Bb7 11. f3 c5 12. dxc5 Nxc5 13. b4 Nd3 14. Qc2 Ne5 15. Bb3 Rc8 16. Rad1 Ba6 17. Qb1 Nc4 18. Qa2 Qc7 19. b5 Bb7 20. Bxc4 Qxc4 21. Qxc4 Rxc4 22. Bc1 Rfc8 23. e4 (23. Bb2 $15) 23... Rxc3 24. Nxc3 Rxc3 25. Bb2 Rc7 26. Rd3 Kf8 27. Rfd1 Ke8 28. Be5 Rc8 29. Bxf6 Bxf6 30. Rd7 Rd8 31. Rxd8+ Bxd8 32. Kf2 Be7 33. Ke2 e5 34. a4 $19 Bc8 35. Rd3 Be6 36. Kd1 Bc5 37. Kc2 Bd4 38. Ra3 Bc4 39. g3 Ke7 40. f4 Kd6 41. f5 h5 42. h3 Kc5 43. g4 h4 44. g5 Kb4 45. Rf3 Kxa4 46. f6 g6 0-1

[Event "NED-ch U14 Youth 2019"]
[Site "Assen"]
[Date "2019.05.02"]
[Round "6.9"]
[White "Shadrin, Mitia"]
[Black "Boghossian, Wahe"]
[Result "1/2-1/2"]
[ECO "B53"]
[WhiteElo "1692"]
[BlackElo "1820"]
[Annotator "NA RC"]
[PlyCount "134"]
[EventDate "2019.04.28"]
[EventType "swiss"]
[EventCountry "NED"]
[SourceTitle "playchess.com"]
[Source "ChessBase"]
[SourceQuality "1"]
[TimeControl "5400+30"]

1. e4 c5 2. Nf3 d6 3. d4 cxd4 4. Qxd4 Nc6 5. Bb5 Bd7 6. Bxc6 bxc6 7. c4 Qb6 8. Qd3 Nf6 {[%emt 0:07:09] B53: Sicilian: 2...d6: Lines with Qxd4} (8... g6 9. Nc3 Bg7 10. O-O Nf6 11. b3 O-O 12. Bb2 Rad8 13. Rad1 Bg4 14. h3 Bxf3 15. Qxf3 Nd7 16. Na4 {1-0 (52) Zhigalko,S (2647)-Iljin,T (2422) Alushta 2010}) 9. Nc3 e5 10. O-O h6 11. b3 Rd8 $146 ({Predecessor:} 11... c5 12. Ne1 Be7 13. f4 exf4 14. Bxf4 O-O 15. Rd1 {1-0 (32) Ranaivoharisoa,A (2169)-Klaas,T (1663) Baku 2016}) 12. Na4 Qc7 13. Bb2 c5 (13... Nh5 $11 {remains equal.}) 14. Nc3 Be7 15. Ne1 O-O 16. Nc2 Bc6 17. Ne3 Kh8 (17... Nh5 $16) 18. Nf5 Qd7 19. Rfe1 Bxe4 {[%emt 0:03:02] Remove Defender} 20. Nxe4 Qxf5 21. Nxc5 Qxd3 22. Nxd3 Nh5 23. Nb4 {[%emt 0:01:08] Decoy} Bg5 (23... Rc8 $16) 24. Nc6 Rd7 $18 25. Rad1 Nf6 26. g3 h5 27. h4 Bh6 28. Ba3 Rc8 29. Nb4 g6 30. Nd5 Ne8 31. Nc3 Rcd8 32. Ne4 f6 33. Rd5 Bf8 34. Red1 Nc7 35. R5d3 Ne8 36. Nc3 Kg7 37. c5 Rc8 38. Ne4 f5 39. Nxd6 Nxd6 40. cxd6 Rcd8 41. Rd5 Kf6 42. Ra5 Ra8 43. Rdd5 e4 44. Ra6 Rad8 45. Rc6 Ke6 46. Ra5 Kf6 47. Raa6 Ke6 48. Rc7 Bxd6 49. Rxd7 Rxd7 50. Bxd6 Rxd6 51. Rxa7 Rd1+ 52. Kg2 Rd2 53. Kf1 Rb2 54. Ra4 Kd5 55. Ra6 Kd4 56. Rd6+ Ke5 57. Rxg6 Rxa2 58. Rg5 Rb2 59. Rxh5 Rxb3 60. g4 Kf4 61. g5 Kf3 62. Ke1 Rb1+ 63. Kd2 Kxf2 64. g6 e3+ 65. Kc2 e2 66. Rxf5+ Kg1 67. Rg5+ Kh2 1/2-1/2

[Event "NED-ch U14 Youth 2019"]
[Site "Assen"]
[Date "2019.05.02"]
[Round "6.11"]
[White "Van Kuijk, Vadim"]
[Black "De Heij, Mees"]
[Result "0-1"]
[ECO "D02"]
[WhiteElo "1589"]
[BlackElo "1524"]
[Annotator "NA"]
[PlyCount "138"]
[EventDate "2019.04.28"]
[EventType "swiss"]
[EventCountry "NED"]
[SourceTitle "playchess.com"]
[Source "ChessBase"]
[SourceQuality "1"]
[TimeControl "5400+30"]

1. d4 d5 2. Bf4 Nf6 3. Nf3 Nc6 4. e3 e6 5. Nbd2 Bd6 6. Bg3 O-O 7. c3 Re8 8. Ne5 Bd7 9. Bd3 Ne7 10. h4 h6 11. Bf4 Bc6 12. g4 Bxe5 13. Bxe5 Ne4 14. g5 hxg5 15. hxg5 Ng6 16. Bxe4 dxe4 17. Qh5 Kf8 18. Nc4 Qd5 19. Bxg7+ Ke7 20. Ne5 Nxe5 21. dxe5 Bb5 22. Bf6+ Kd7 23. Rd1 Bd3 24. Rh4 Kc6 25. f3 Qxa2 26. fxe4 Bc2 27. Rd2 Qb1+ 28. Ke2 Bb3 29. Rh1 Qxe4 30. Rh2 Bc4+ 31. Ke1 Qxe3+ 32. Kd1 Bb3+ 33. Kc1 Qe1+ 34. Rd1 Qxd1+ 35. Qxd1 Bxd1 36. Kxd1 Kd7 37. Rh7 Rf8 38. g6 Kc6 39. gxf7 Kd5 40. Be7 Kxe5 41. Rh5+ Kf4 42. Rh4+ Kf5 43. Bxf8 Rxf8 44. Ra4 a6 45. Rb4 b6 46. Ra4 a5 47. Ke2 Rxf7 48. Ke3 Rh7 49. Rf4+ Ke5 50. Re4+ Kd5 51. c4+ Kd6 52. Kd4 Rh3 53. Re2 Rh4+ 54. Kc3 e5 55. Rd2+ Ke6 56. Rf2 Rh3+ 57. Kc2 e4 58. b3 Rf3 59. Rd2 e3 60. Re2 Rf2 61. Kd3 Rxe2 62. Kxe2 Kd6 63. Kxe3 Kc5 64. Kd3 Kb4 65. Kc2 Ka3 66. Kc3 c5 67. Kc2 Ka2 68. Kc3 Kb1 69. b4 axb4+ 0-1

[Event "NED-ch U14 Youth 2019"]
[Site "Assen"]
[Date "2019.05.02"]
[Round "6.12"]
[White "Tiggelman, Vincent"]
[Black "Klaren, Duncan"]
[Result "0-1"]
[ECO "B30"]
[WhiteElo "1378"]
[BlackElo "1980"]
[Annotator "NA RC"]
[PlyCount "74"]
[EventDate "2019.04.28"]
[EventType "swiss"]
[EventCountry "NED"]
[SourceTitle "playchess.com"]
[Source "ChessBase"]
[SourceQuality "1"]
[TimeControl "5400+30"]

1. e4 c5 2. Nf3 d6 3. Nc3 e5 4. Bc4 Be7 5. d3 Nc6 6. h3 Nf6 7. O-O {[%emt 0:05:54] B30: Sicilian: 2...Nc6 3 Bb5, lines without ...g6} Nd7 $146 (7... a6 $11 {remains equal.}) ({Predecessor:} 7... O-O 8. Ne2 a6 9. a3 b5 10. Ba2 Be6 11. Bxe6 fxe6 12. Ng3 d5 13. Re1 d4 14. c3 Kh8 {0-1 (89) Aronian,L (2765)-Carlsen,M (2835) St Petersburg 2018}) 8. Nd5 Nb6 9. Nxe7 Qxe7 10. Bb3 O-O 11. Bg5 Qc7 12. c3 Kh8 13. Nh4 Ne7 14. f4 (14. a4 $16 a5 15. d4) 14... c4 15. dxc4 f6 16. fxe5 dxe5 17. c5 Qxc5+ 18. Kh1 Bd7 19. Bd2 Bb5 20. Re1 Nc4 21. Bxc4 Qxc4 22. b3 Qc7 23. c4 Bc6 24. Bb4 Rfd8 25. Qh5 Be8 26. Qg4 Nc6 27. Ba3 Nd4 28. Rec1 Qf7 29. Nf5 Bd7 30. Nd6 Qg8 31. Qh4 Bc6 32. Qh5 Rd7 33. Rab1 Qe6 34. Nf5 Bxe4 35. Nxd4 $17 Rxd4 36. Rb2 Rad8 37. Bc5 Rd3 0-1

[Event "NED-ch U14 Youth 2019"]
[Site "Assen"]
[Date "2019.05.02"]
[Round "6.13"]
[White "Van Foreest, Nanne"]
[Black "De Putter, Sven"]
[Result "1-0"]
[ECO "C54"]
[WhiteElo "1790"]
[BlackElo "1381"]
[Annotator "NA RC"]
[PlyCount "53"]
[EventDate "2019.04.28"]
[EventType "swiss"]
[EventCountry "NED"]
[SourceTitle "playchess.com"]
[Source "ChessBase"]
[SourceQuality "1"]
[TimeControl "5400+30"]

1. e4 e5 2. Nf3 Nc6 3. Bc4 Bc5 4. c3 Nf6 5. d4 exd4 6. e5 d5 7. Bb5 Ne4 8. cxd4 Bb4+ 9. Nbd2 O-O 10. O-O Bg4 11. Bxc6 bxc6 12. Qc2 Nxd2 13. Bxd2 Bxd2 14. Nxd2 Qd7 15. Rac1 Rab8 16. Nb3 Rb6 17. Nc5 Qf5 18. b3 Rb4 19. Qc3 a5 20. a3 Rb6 21. f3 Bh5 22. g4 Bxg4 23. fxg4 Qxg4+ 24. Kh1 Rb5 25. Rg1 Qe2 26. Rc2 Qh5 27. Nd7 1-0

[Event "NED-ch U14 Youth 2019"]
[Site "Assen"]
[Date "2019.05.02"]
[Round "7.1"]
[White "Pham, Khoi"]
[Black "Bleeker, Kasper"]
[Result "1-0"]
[ECO "E01"]
[WhiteElo "2140"]
[BlackElo "1932"]
[Annotator "NA"]
[PlyCount "73"]
[EventDate "2019.04.28"]
[EventType "swiss"]
[EventCountry "NED"]
[SourceTitle "playchess.com"]
[Source "ChessBase"]
[SourceQuality "1"]
[TimeControl "5400+30"]

1. d4 d5 2. c4 c6 3. Nc3 Nf6 4. Nf3 e6 5. g3 dxc4 6. Bg2 Nbd7 7. e4 b5 8. O-O Bb7 9. e5 Nd5 10. Ng5 h6 11. Nxe6 fxe6 12. Qh5+ Ke7 13. Bg5+ N7f6 14. exf6+ gxf6 15. Bh4 Qe8 16. Qe2 Bg7 17. Ne4 Rd8 18. Nc5 Bc8 19. a4 a6 20. axb5 cxb5 21. Nxa6 Bxa6 22. Rxa6 Qd7 23. Re1 Nc7 24. Ra7 Rhe8 25. Qe5 Rc8 26. Bb7 Rcd8 27. Ba6 Rc8 28. Bxc8 Rxc8 29. d5 Ke8 30. Bxf6 Bxf6 31. Qxf6 Qxd5 32. Rxc7 Rxc7 33. Rxe6+ Kd7 34. Qf7+ Kc8 35. Re8+ Qd8 36. Qe6+ Rd7 37. Rxd8+ 1-0

[Event "NED-ch U14 Youth 2019"]
[Site "Assen"]
[Date "2019.05.02"]
[Round "7.2"]
[White "Slagboom, Leandro"]
[Black "Yeh, Timo"]
[Result "1/2-1/2"]
[ECO "A09"]
[WhiteElo "1738"]
[BlackElo "1783"]
[Annotator "NA"]
[PlyCount "111"]
[EventDate "2019.04.28"]
[EventType "swiss"]
[EventCountry "NED"]
[SourceTitle "playchess.com"]
[Source "ChessBase"]
[SourceQuality "1"]
[TimeControl "5400+30"]

1. Nf3 d5 2. c4 d4 3. b4 c5 4. bxc5 e5 5. Nxe5 Bxc5 6. Nd3 Be7 7. Bb2 Bf5 8. Qb3 Bxd3 9. Qxd3 Nc6 10. g3 Bf6 11. Bg2 Nge7 12. O-O Rc8 13. Qb3 O-O 14. d3 Qd7 15. Nd2 Na5 16. Qd1 Be5 17. Nf3 Ng6 18. Nxe5 Nxe5 19. Qd2 Nac6 20. Rab1 b6 21. Rfc1 Qd6 22. Qc2 Qf6 23. h3 Nd7 24. Qa4 Nc5 25. Qb5 Rfd8 26. Ba3 Ne5 27. Bxc5 Rxc5 28. Qb4 h5 29. Qd2 Ng6 30. h4 Re8 31. a4 Ne5 32. Rb5 Ng4 33. Rf1 Rce5 34. Be4 Qd6 35. Qb4 Qh6 36. c5 f5 37. Bf3 f4 38. cxb6 axb6 39. Rxe5 Nxe5 40. Qxd4 Nxf3+ 41. exf3 Rf8 42. Qd5+ Kh8 43. Qg5 Qxg5 44. hxg5 Rf5 45. gxf4 Rxf4 46. Rb1 Rxa4 47. Rxb6 Kh7 48. Rd6 Rf4 49. Kg2 Rf5 50. g6+ Kh6 51. Kg3 Rg5+ 52. Kh4 Rf5 53. Kg3 Rg5+ 54. Kf4 h4 55. Rd8 Kxg6 56. Rd6+ 1/2-1/2

[Event "NED-ch U14 Youth 2019"]
[Site "Assen"]
[Date "2019.05.02"]
[Round "7.3"]
[White "Van der Hagen, Loek"]
[Black "De Winter, Arthur"]
[Result "1/2-1/2"]
[ECO "B48"]
[WhiteElo "1931"]
[BlackElo "1661"]
[Annotator "NA"]
[PlyCount "71"]
[EventDate "2019.04.28"]
[EventType "swiss"]
[EventCountry "NED"]
[SourceTitle "playchess.com"]
[Source "ChessBase"]
[SourceQuality "1"]
[TimeControl "5400+30"]

1. e4 c5 2. Nf3 e6 3. d4 cxd4 4. Nxd4 Nc6 5. Nc3 a6 6. Be3 Qc7 7. Qf3 Ne5 8. Qg3 b5 9. O-O-O Bb7 10. f3 Nf6 11. Bxb5 axb5 12. Ndxb5 Qb8 13. Bb6 d6 14. Bc7 Qc8 15. Bxd6 Ned7 16. Nc7+ Kd8 17. Nxa8 Bxa8 18. Bxf8 Rxf8 19. Qxg7 Ke7 20. Rd2 Qc5 21. Rhd1 Ne5 22. f4 Nc4 23. e5 Nd5 24. Nxd5+ Bxd5 25. Qf6+ Kd7 26. Rd3 Kc7 27. Rc3 Rb8 28. Qxf7+ Kc6 29. Qxh7 Rxb2 30. Rxc4 Qxc4 31. Kxb2 Qb4+ 32. Kc1 Qxf4+ 33. Rd2 Qf1+ 34. Kb2 Qb5+ 35. Kc1 Qf1+ 36. Kb2 1/2-1/2